AoeStats
← inman.chris406

Arabia

511758145Analyzed
1v1 RM · 11d ago on Oct 6, 2026· 23m 39s· 2 players
Game mode
Random Map
Map size
Tiny (2 player)
Population
200
Speed
Normal
Resources
Standard
Victory
Conquest
Starting age
Dark Age
Ending age
Imperial Age
RankedLock teamsTeams togetherTeam positionsShared explorationLock speedFull tech treeHidden civsTurbo modeCheats
Victory
Defeat
🇨🇳 Spanish · China
905
+15
vs
🇺🇸 Romans · United States
892
-15
inman.chris406
8:00 Loom
11:25 Feudal Age
14:40 Loom
15:12 Horse Collar
15:41 Double-Bit Axe
15:20 Man-at-Arms
16:33 Scale Mail Armor
16:43 Forging
22:02 Castle Age
21:06 Padded Archer Armor
20:57 Fletching
21:10 Padded Archer Armor
crazypig
10:37 Feudal Age
18:05 Castle Age
22:57 Husbandry
Connection lost

Rejoining the realm…

Still unreachable

The connection could not be restored.

Session expired

The server has moved on; the page needs a fresh start.